 Dungeon Crawl Stone Soup version 0.20-a0-641-g673355a (webtiles) character file.

144 Laan the Digger (level 5, -10/35 HPs)
             Began as a Mummy Earth Elementalist on Feb 14, 2017.
             Mangled by Natasha (12 damage)
             ... on level 3 of the Dungeon.
             The game lasted 00:06:47 (2506 turns).

Laan the Digger (Mummy Earth Elementalist)          Turns: 2506, Time: 00:06:48

Health: -10/35     AC:  2    Str: 11    XL:     5   Next: 5%
Magic:  0/11       EV: 12    Int: 16    God:
Gold:   123        SH:  0    Dex: 12    Spells: 3/12 levels left

rFire    x . .     SeeInvis .   l - staff of energy
rCold    + . .     Gourm    .   c - +0 robe
rNeg     + + +     Faith    .   (no shield)
rPois    ∞         Spirit   .   (no helmet)
rElec    .         Reflect  .   (no cloak)
rCorr    .         Harm     .   (no gloves)
MR       .....                  (no boots)
Stlth    ++........             (no amulet)
Regen    0.2/turn               (no ring)
MPRegen  0.2/turn               (no ring)

@: very slightly contaminated, slowed, very slow
A: no food or potions, fire vulnerability, cold resistance 1, negative energy
resistance 3, torment resistance, unbreathing
a: no special abilities


You were on level 3 of the Dungeon.
You were not hungry.

You visited 1 branch of the dungeon, and saw 4 of its levels.

You collected 123 gold pieces.

Inventory:

Hand Weapons
 e - a +0 spear
Armour
 c - a +0 robe (worn)
Magical Staves
 l - an uncursed staff of energy (weapon)
Scrolls
 a - a scroll of magic mapping {unknown}
 f - a scroll of fog {unknown}
 g - a scroll of amnesia {unknown}
 h - a scroll of fear {unknown}
 i - a scroll of teleportation {unknown}
 j - a scroll of blinking {unknown}
 k - a scroll of enchant weapon {unknown}
Books
 d - a book of Geomancy

   Spells                             Type                      Level
   a - Sandblast                      Earth                        1
   b - Passwall                       Transmutation/Earth          2
   c - Stone Arrow                    Conjuration/Earth            3
   d - Petrify                        Transmutation/Earth          4
   e - Lee's Rapid Deconstruction     Earth                        5


   Skills:
 - Level 1.5 Dodging
 - Level 1.5 Stealth
 + Level 4.0 Spellcasting
   Level 0.7 Transmutations
 * Level 4.2 Earth Magic


You had 3 spell levels left.
You knew the following spells:

 Your Spells              Type           Power        Failure   Level  Hunger
a - Sandblast             Erth           ###...       3%          1    N/A
b - Stone Arrow           Conj/Erth      ##....       21%         3    N/A
c - Lee's Rapid Deconstr  Erth           ###.......   85%         5    N/A

Dungeon Overview and Level Annotations

Branches:
Dungeon (4/15)
 Temple: D:4-7

Altars:

Annotations:
D:3 Natasha


Innate Abilities, Weirdness & Mutations

You do not eat or drink.
Your flesh is vulnerable to fire.
You are immune to poison.
Your flesh is cold resistant. (rC+)
You are immune to negative energy. (rN+++)
You are immune to unholy pain and torment.
You can survive without breathing.


Message History

Nothing appears to happen.
Natasha stares at you and mumbles some strange words.
The magic dart hits you! Natasha closely misses you.
Casting: Stone Arrow
Confirm with . or Enter, or press ? or * to list all spells.
Aiming: Stone Arrow
Press: ? - help, Shift-Dir - straight line, f/p - Natasha
Aim: Natasha (severely wounded)
The stone arrow misses Natasha.
Natasha closely misses you.
Nothing appears to happen.
Natasha drinks a potion.
Natasha seems to grow stronger.
Natasha claws you.
Nothing appears to happen.
Natasha claws you!
* * * LOW HITPOINT WARNING * * *
You can't drink.
Unknown command.
Unknown command.
You hit Natasha.
Natasha is severely wounded.
Natasha claws you!
You die...

. .:........#....... #.
#.........#.......
###.######)...)##.......
.........)....h.!..##..
##......)..............
#.............#....##..
#....#..#######....###<
.#+#...h.....#..........
.......@......?.........
........................
.....#..#...............
........................
..................###...
....######.######. ....
...# .≈ ## ≈≈


You could see Natasha.

Vanquished Creatures
  Natasha (D:3)
  6 adders (D:2)
  3 leopard geckos (D:1)
  4 giant cockroaches
  8 goblins
  7 hobgoblins
  5 jackals
  9 kobolds
  2 quokkas (D:2)
  4 bats
  9 frilled lizards
  4 rats
62 creatures vanquished.

Vanquished Creatures (others)
  A goblin (D:1)
1 creature vanquished.

Grand Total: 63 creatures vanquished

Notes
Turn   | Place    | Note
-------+----------+-------------------------------------------
     0 | D:1      | Laan the Mummy Earth Elementalist began the quest for the Orb.
     0 | D:1      | Reached XP level 1. HP: 13/13 MP: 4/4
   301 | D:1      | Reached XP level 2. HP: 19/19 MP: 3/5
  1093 | D:1      | Reached XP level 3. HP: 24/24 MP: 5/7
  1748 | D:2      | Reached XP level 4. HP: 30/30 MP: 7/9
  2260 | D:3      | Noticed Natasha
  2266 | D:3      | Killed Natasha
  2266 | D:3      | Reached XP level 5. HP: 19/35 MP: 5/11
  2365 | D:3      | Noticed Natasha
  2380 | D:4      | Learned a level 3 spell: Stone Arrow
  2386 | D:4      | Learned a level 5 spell: Lee's Rapid Deconstruction
  2506 | D:3      | Mangled by Natasha

Vault maps used:
D:1:      saegor_arrival_miasma
D:2:      first_bread
D:3:      eat_drink_and_be_merry_uskayaw, chequers_ecumenical_altar_twisty,
          tgw_xom, uniq_natasha
D:4:      temple_hall, uniq_pikel

Skill      XL: |  1  2  3  4 |
---------------+-------------+-----
Spellcasting   | 3 4 |  4.0
Earth Magic    | 3 4 |  4.2
Dodging        | |  1.5
Stealth        | |  1.5
Transmutations | |  0.7

Action                   |  1- 3 |  4- 6 || total
-------------------------+-------+-------++-------
Melee: Unarmed           |     8 |       ||     8
       Spear             |    13 |    19 ||    32
       Staff             |       |     4 ||     4
 Cast: Sandblast         |    76 |    27 ||   103
       Stone Arrow       |       |     4 ||     4
Evoke: Staff of energy   |       |     1 ||     1
Armor: Robe              |     6 |     2 ||     8
Dodge: Dodged            |    37 |    24 ||    61
